AoeStats
← noobsriram

Fortress

509692269Analyzed
4v4 RM · 4d ago on Sep 27, 2026· 37m 50s· 8 players
Game mode
Random Map
Map size
Huge
Population
200
Speed
Normal
Resources
Standard
Victory
Conquest
Starting age
Dark Age
Ending age
Imperial Age
RankedLock teamsTeams togetherTeam positionsShared explorationLock speedFull tech treeHidden civsTurbo modeCheats
Victory
Defeat
🇪🇸 Mongols · Spain
1160
+12
🇦🇫 Turks · Afghanistan
1127
+13
🇨🇿 Spanish · Czechia
1122
+14
🇮🇳 Poles · India
1100
+15
🇮🇳 Huns · India
1098
-14
🇨🇳 Inca · China
1075
-14
🇿🇦 Khitans · South Africa
1053
-13
🇹🇼 Italians · Taiwan
1053
-13
好邻居
2:38 Loom
7:34 Feudal Age
12:41 Castle Age
10:28 Champi Runner
11:22 Forging
11:13 Scale Mail Armor
11:06 Double-Bit Axe
11:03 Horse Collar
11:33 Gold Mining
11:37 Arson
12:16 Scale Mail Armor
13:05 Forging
14:02 Squires
15:31 Bow Saw
16:08 Chain Mail Armor
16:02 Heavy Plow
18:05 Wheelbarrow
19:00 Champi Warrior
21:11 Iron Casting
22:01 Hand Cart
37:03 Hand Cart
37:20 Hand Cart
jasonpanex
6:07 Loom
7:53 Feudal Age
10:03 Double-Bit Axe
10:10 Horse Collar
12:39 Castle Age
14:08 Bow Saw
15:40 Wheelbarrow
15:21 Heavy Plow
17:19 Hand Cart
19:10 Fletching
19:22 Padded Archer Armor
20:40 Bodkin Arrow
24:22 Ballistics
25:27 Gold Mining
GreenHydra
8:52 Feudal Age
10:29 Loom
16:29 Castle Age
14:18 Arson
14:36 Scale Mail Armor
14:48 Forging
14:51 Domestication
17:30 Squires
18:21 Chain Mail Armor
20:23 Pikeman
23:41 Double-Bit Axe
26:32 Padded Archer Armor
Null Pointer
5:08 Loom
7:13 Feudal Age
8:05 Double-Bit Axe
8:25 Horse Collar
12:49 Castle Age
14:24 Gold Mining
15:29 Bow Saw
15:37 Heavy Plow
20:36 Scale Barding Armor
23:59 Marauders
24:08 Husbandry
24:18 Bloodlines
25:40 Wheelbarrow
26:01 Chain Barding Armor
27:12 Forging
30:40 Iron Casting
32:13 Fletching
37:08 Bodkin Arrow
37:14 Scale Mail Armor
37:34 Hand Cart
37:04 Town Watch
Panzerfaust
1:50 Loom
6:54 Feudal Age
7:18 Horse Collar
7:27 Double-Bit Axe
14:25 Castle Age
13:09 Fletching
14:20 Wheelbarrow
16:06 Bodkin Arrow
19:49 Bloodlines
20:24 Husbandry
29:24 Masonry
35:56 Imperial Age
34:36 Fortified Wall
35:23 Bow Saw
35:17 Heavy Plow
35:34 Scale Barding Armor
35:30 Padded Archer Armor
37:18 Conscription
36:28 Elite Conquistador
37:13 Bracer
38:05 Hand Cart
38:52 Two-Man Saw
Jesulito123
0:31 Loom
7:41 Feudal Age
9:28 Double-Bit Axe
11:53 Castle Age
10:49 Horse Collar
12:52 Bow Saw
14:55 Wheelbarrow
15:36 Heavy Plow
19:12 Gold Mining
20:04 Bloodlines
22:57 Hand Cart
23:55 Husbandry
25:22 Stone Mining
29:21 Imperial Age
26:37 Town Watch
27:16 Forging
28:01 Caravan
29:55 Gold Shaft Mining
29:56 Stone Shaft Mining
29:42 Scale Barding Armor
30:12 Iron Casting
29:30 Fletching
30:05 Elite Steppe Lancer
32:49 Blast Furnace
32:19 Conscription
32:22 Drill
34:23 Coinage
35:07 Chain Barding Armor
34:44 Bodkin Arrow
36:26 Ballistics
37:07 Chemistry
36:04 Murder Holes
36:21 Masonry
37:28 Bracer
37:28 Padded Archer Armor
37:29 Scale Mail Armor
k-otic
1:55 Loom
2:08 Loom
8:03 Feudal Age
13:09 Castle Age
10:57 Double-Bit Axe
10:59 Horse Collar
11:56 Bloodlines
14:06 Szlachta Privileges
15:44 Husbandry
20:52 Scale Barding Armor
25:22 Heavy Plow
25:34 Gold Mining
26:08 Chain Barding Armor
29:28 Forging
34:48 Imperial Age
32:30 Bow Saw
35:43 Wheelbarrow
34:50 Cavalier
35:54 Conscription
36:11 Iron Casting
38:43 Blast Furnace
noobsriram
2:31 Loom
8:48 Feudal Age
9:30 Feudal Age
11:53 Double-Bit Axe
14:28 Castle Age
17:47 Imperial Age
17:51 Bow Saw
17:24 Horse Collar
21:04 Conscription
24:49 Padded Archer Armor
25:36 Gold Mining
35:17 Town Watch
Connection lost

Rejoining the realm…

Still unreachable

The connection could not be restored.

Session expired

The server has moved on; the page needs a fresh start.